 Dungeon Sprint DCSS version 0.18.1-50-g88ac8fd (webtiles) character file.

588 Qew7 the Unseen (level 7, -1/49 HPs)
             Began as an Octopode Assassin on Oct 27, 2016.
             Was a Believer of Dithmenos.
             Slain by a hill giant
             ... wielding a +0 giant club
              (34 damage)
             ... in the Dungeon (Sprint IX: "|||||||||||||||||||||||||||||").
             The game lasted 00:07:15 (636 turns).

Qew7 the Unseen (Octopode Assassin)                  Turns: 636, Time: 00:07:16

Health: -1/49      AC:  3    Str: 10    XL:     7   Next: 38%
Magic:  7/7        EV: 16    Int: 14    God:    Dithmenos [**....]
Gold:   0          SH:  0    Dex: 15    Spells: 0 memorised, 6 levels left

rFire  . . .     SeeInvis .     q - +2 rapier (drain)
rCold  . . .     Gourm    .     (no shield)
rNeg   . . .     Faith    .     (helmet restricted)
rPois  .         Spirit   .     (no amulet)
rElec  .         Dismiss  .     s - +2 ring of protection
rCorr  .         Reflect  .     t - +2 ring of evasion
SustAt .         Harm     .     (no ring)
MR     .....     NoTele   +     (no ring)
Stlth  ++++++++++               (no ring)
                                (no ring)
                                (no ring)
                                (no ring)

@: wreathed by umbra, not resistant to hostile enchantments, uncannily stealthy
A: almost no armour, amphibious, 8 rings, constrict 8, camouflage 1, gelatinous
body 1
a: Shadow Step, Renounce Religion


You were in the Dungeon.
You worshipped Dithmenos.
Dithmenos was pleased with you.
You were not hungry.

You visited 1 branch

Inventory:

Hand Weapons
 a - a +2 dagger
 b - a +0 blowgun
 q - a +2 rapier of draining (weapon)
Missiles
 c - 6 poisoned needles
 d - 2 curare-tipped needles
Magical Staves
 p - an uncursed staff of energy
Jewellery
 s - a +2 ring of protection (left tentacle)
 t - a +2 ring of evasion (right tentacle)
Wands
 o - a wand of acid (2/15)
Scrolls
 m - 3 scrolls of remove curse
 n - 2 scrolls of amnesia
Potions
 e - a potion of invisibility
 g - 3 potions of heal wounds
 h - a potion of haste
 i - 4 potions of magic
 j - a potion of berserk rage
 l - 4 potions of curing
Comestibles
 f - a bread ration


   Skills:
 + Level 4.4 Fighting
 + Level 4.3 Short Blades
 - Level 2.0 Throwing
 + Level 4.2 Dodging
 * Level 18.3 Stealth
 + Level 0.7 Evocations


You had 6 spell levels left.
You didn't know any spells.

Dungeon Overview and Level Annotations

Branches:
Dungeon (1/1)

Altars:
Cheibriados
Dithmenos
Elyvilon
Fedhas
Gozag
Kikubaaqudgha
Makhleb
Nemelex Xobeh
Okawaru
Pakellas
Qazlal
Ru
Sif Muna
Trog
Vehumet
Xom
Yredelemnul
Zin
The Shining One
Beogh
Jiyva
Lugonu


Innate Abilities, Weirdness & Mutations

You cannot wear most types of armour.
You are amphibious.
You can wear up to eight rings at the same time.
You can use your tentacles to constrict eight enemies at once.
Your skin changes colour to match your surroundings (Stealth).
Your rubbery body absorbs attacks (AC +1).


Message History

The bolt of acid misses the orc.
This wand has 3 charges left.
Zapping:
o - a wand of acid (3/15)
Press: ? - help, Shift-Dir - straight line, f/p - hill giant
Aim: a hill giant, wielding a giant club (moderately wounded, poisoned, covered in acid, umbra)
The bolt of acid hits the hill giant.
The acid corrodes the hill giant!
The hill giant is moderately wounded.
The bolt of acid hits the orc.
The acid corrodes the orc!
You kill the orc!
Dithmenos accepts your kill.
This wand has 2 charges left.
You sense an unholy aura.
q - a +2 rapier of draining (weapon)
You hit the hill giant. You squeeze the hill giant.
The hill giant is heavily wounded.
The hill giant misses you.
You hit the hill giant.
The hill giant is heavily wounded.
The hill giant hits you with a giant club!!
Ouch! That really hurt!
You die... ▓▓▓▓▓▓▓▓▓▓▓▓▓▓▓▓▓▓▓▓▓▓▓▓▓▓▓▓▓▓▓▓ ▓<...'÷.)..'...@C'______________ ▓▓▓▓▓▓▓▓▓▓▓▓▓▓▓▓▓▓▓▓▓▓▓▓▓▓▓▓▓▓▓▓

You could see a hill giant.

Vanquished Creatures
  A komodo dragon (D)
  A sky beast (D)
  A big kobold (D)
  2 crimson imps (D)
  A hound (D)
  An iguana (D)
  A worker ant (D)
  An adder (D)
  An ooze (D)
  An adder skeleton (D)
  2 orcs (D)
  A bat (D)
  2 bat skeletons (D)
  A giant newt (D)
  A kobold (D)
  A rat (D)
19 creatures vanquished.

Notes
Turn   | Place    | Note
--------------------------------------------------------------
     0 | D        | Qew7 the Octopode Assassin began the quest for the Orb.
     0 | D        | Reached XP level 1. HP: 14/14 MP: 1/1
     5 | D        | Reached skill level 6 in Stealth
    12 | D        | Reached skill level 7 in Stealth
    12 | D        | Reached XP level 2. HP: 19/19 MP: 2/2
    17 | D        | Noticed a crimson imp
    19 | D        | Reached skill level 8 in Stealth
    30 | D        | Killed a crimson imp
    30 | D        | Reached skill level 10 in Stealth
    30 | D        | Reached XP level 3. HP: 17/25 MP: 3/3
    36 | D        | Reached skill level 11 in Stealth
    36 | D        | Reached XP level 4. HP: 13/30 MP: 4/4
    43 | D        | Reached skill level 12 in Stealth
   287 | D        | Found a glowing silver altar of Zin.
   287 | D        | Found a glowing golden altar of the Shining One.
   287 | D        | Found an ancient bone altar of Kikubaaqudgha.
   287 | D        | Found a basalt altar of Yredelemnul.
   287 | D        | Found a shimmering altar of Xom.
   287 | D        | Found a radiant altar of Vehumet.
   288 | D        | Found an iron altar of Okawaru.
   289 | D        | Found a burning altar of Makhleb.
   290 | D        | Found a deep blue altar of Sif Muna.
   291 | D        | Found a bloodstained altar of Trog.
   292 | D        | Found a sparkling altar of Nemelex Xobeh.
   293 | D        | Found a white marble altar of Elyvilon.
   294 | D        | Found a roughly hewn altar of Beogh.
   295 | D        | Found a viscous altar of Jiyva.
   296 | D        | Found a corrupted altar of Lugonu.
   297 | D        | Found a blossoming altar of Fedhas.
   298 | D        | Found a snail-covered altar of Cheibriados.
   299 | D        | Found a shadowy altar of Dithmenos.
   300 | D        | Found a stormy altar of Qazlal.
   301 | D        | Found an opulent altar of Gozag.
   302 | D        | Found a sacrificial altar of Ru.
   303 | D        | Found an oddly glowing altar of Pakellas.
   307 | D        | Became a worshipper of Dithmenos the Shadowed
   334 | D        | Noticed a komodo dragon
   334 | D        | Noticed a big kobold
   345 | D        | Killed a komodo dragon
   345 | D        | Reached * piety under Dithmenos
   345 | D        | Reached skill level 16 in Stealth
   345 | D        | Reached XP level 5. HP: 4/37 MP: 5/5
   345 | D        | Reached XP level 6. HP: 4/43 MP: 6/6
   369 | D        | Reached skill level 17 in Stealth
   371 | D        | Reached XP level 7. HP: 9/48 MP: 7/7
   394 | D        | Reached ** piety under Dithmenos
   571 | D        | Noticed a hill giant
   590 | D        | Reached skill level 18 in Stealth
   636 | D        | Slain by a hill giant

Skill      XL: |  1  2  3  4  5  6  7 |
---------------+----------------------+-----
Stealth        | 7 10 11 16 17 18 | 18.3
Fighting       | 4 |  4.4
Short Blades   | 3 4 |  4.3
Dodging        | 3 4 |  4.2
Throwing       | |  2.0
Evocations     | |  0.7

Action                   |  1- 3 |  4- 6 |  7- 9 || total
-------------------------+-------+-------+-------++-------
Melee: Dagger            |    24 |     6 |       ||    30
       Tentacles         |     7 |     1 |     6 ||    14
       Constrict         |     5 |     1 |     1 ||     7
       Rapier            |       |     8 |    24 ||    32
 Fire: Blowgun           |       |     5 |     2 ||     7
Evoke: Wand              |       |     2 |     3 ||     5
  Use: Potion            |       |     1 |       ||     1
       Scroll            |       |     1 |     1 ||     2
 Stab: Sleeping          |     2 |     3 |       ||     5
Armor: Skin              |     4 |       |     7 ||    11
Dodge: Dodged            |    14 |     5 |    11 ||    30
